[Event "Late-Titled-Tuesday-Blitz-February-20-2024"]
[Site "Chess.com"]
[Date "2024.02.20"]
[Round "4"]
[White "szachmistrz2500"]
[Black "FredddieCroderg"]
[Result "0-1"]
[WhiteElo "2411"]
[BlackElo "2208"]
[TimeControl "180+1"]
[EndTime "14:37:44 PST"]
[Termination "FredddieCroderg won by resignation"]

1. d4 d5 2. c4 e6 3. Nf3 Nf6 4. Nc3 Be7 5. cxd5 exd5 6. Bg5 O-O 7. e3 Re8 8. Bd3 h6 9. Bh4 c5 10. dxc5 Nc6 11. O-O Be6 12. Rc1 Bxc5 13. Nxd5 Qxd5 14.
Bxf6 gxf6 15. Qc2 Bb6 16. Rfd1 Qh5 17. Be2 Qg6 18. Qa4 Rad8 19. b3 Rxd1+ 20. Rxd1 Rd8 21. Rc1 Ne5 22. Nd4 Bxd4 23. exd4 Bd5 24. Bf1 Nf3+ 25. Kh1 Nh4 26. f3 Nxf3 27. Qa5 Rd7 28. Rc8+ Kh7 29. Qc3 Nh4 30. Qh3 Nxg2 31. Rc5 Nf4+ 32. Rxd5 Nxh3 0-1

[Event "Late-Titled-Tuesday-Blitz-February-20-2024"]
[Site "Chess.com"]
[Date "2024.02.20"]
[Round "4"]
[White "yuriydovzik"]
[Black "pr1105"]
[Result "1-0"]
[WhiteElo "2164"]
[BlackElo "2333"]
[TimeControl "180+1"]
[EndTime "14:37:44 PST"]
[Termination "yuriydovzik won on time"]

1. Nc3 d5 2. e4 d4 3. Nce2 e5 4. f4 Nc6 5. d3 Bd6 6. Nf3 Bg4 7. f5 Bxf3 8. gxf3 Qh4+ 9. Ng3 O-O-O 10. Kf2 g6 11. Kg1 Nge7 12. Bd2 gxf5 13. exf5 Rhg8 14. Bg2 Nd5 15. Qe1 Nf4 16. Qe4 Rg5 17. Rf1 Rdg8 18.
Rf2 Ne7 19. f6 Nf5 20. Bxf4 exf4 21. Nxf5 Qh3 22. Ng3 Qh4 23. Kf1 fxg3 24. Qxh4 1-0

[Event "Late-Titled-Tuesday-Blitz-February-20-2024"]
[Site "Chess.com"]
[Date "2024.02.20"]
[Round "4"]
[White "maroro07"]
[Black "boguszp"]
[Result "1-0"]
[WhiteElo "2410"]
[BlackElo "2009"]
[TimeControl "180+1"]
[EndTime "14:37:45 PST"]
[Termination "maroro07 won by checkmate"]

1. e4 e6 2. d3 d5 3. Nd2 c5 4.
Ngf3 Nc6 5. g3 Bd6 6. Bg2 Nge7 7. O-O f6 8. Re1 Bd7 9. exd5 exd5 10. c4 d4 11. Ne4 Bc7 12. Nxc5 O-O 13. Nxb7 Qb8 14.
Nc5 Bg4 15. h3 Bf5 16. Nh4 Bc8 17. Ne6 Bxe6 18. Rxe6 Qc8 19. Rxc6 Nxc6 20. Bxc6 Rb8 21. Bd5+ Kh8 22. Qh5 Qe8 23. Qxe8 Rfxe8 24. Kf1 Ba5 25. Nf3 Re7 26. a3 Rbe8 27. b4 Bb6 28. Bd2 a5 29. c5 Bc7 30. b5 Rb8 31. b6 Bxb6 32. cxb6 Rxb6 33. Bxa5 Ra6 34. Bb4 Rea7 35. Rc1 g6 36. Rc8+ Kg7 37. Bf8+ Kh8 38. Bh6# 1-0

[Event "Late-Titled-Tuesday-Blitz-February-20-2024"]
[Site "Chess.com"]
[Date "2024.02.20"]
[Round "4"]
[White "slavenok"]
[Black "VincentKeymer"]
[Result "1/2-1/2"]
[WhiteElo "2753"]
[BlackElo "3047"]
[TimeControl "180+1"]
[EndTime "14:37:46 PST"]
[Termination "Game drawn by repetition"]

1. e4 c6 2. d4 d5 3. exd5 cxd5 4. Nf3 Nc6 5. c4 Nf6 6. Nc3 a6 7. cxd5 Nxd5 8. Bc4 e6 9. O-O Be7 10. Be3 O-O 11.
Rc1 Nxc3 12. bxc3 b5 13. Bd3 Bb7 14. Bb1 Rc8 15. h3 Bf6 16. Qd3 g6 17. Rfd1 Qd5 18. Bh6 Rfd8 19. Qe2 Ne7 20. Be3 Nf5 21. Bf4 Kg7 22. Qd2 b4 23. Bxf5 Qxf5 24. Bh6+ Kg8 25. Nh2 bxc3 26. Rxc3 Rxd4 27. Rxc8+ Bxc8 28. Qc1 Rxd1+ 29. Qxd1 Qd5 30. Qa4 Qd7 31. Qc4 Bg7 32. Bxg7 Kxg7 33.
Ng4 f6 34. Qf4 Qe7 35. Qh6+ Kg8 36. Qh4 e5 37. Nxf6+ Kf7 38. Qxh7+ Kxf6 39. Qh8+ Kg5 40. Qxc8 Qd6 41. Qg4+ Kh6 42. g3 a5 43. h4 Qd2 44.
a4 Qb4 45. Qg5+ Kh7 46. Qxe5 Qxa4 47. h5 Qd1+ 48. Kg2 Qxh5 49. Qe7+ Kg8 50. Qe8+ Kg7 51. Qe7+ Kg8 52. Qe8+ Kg7 53. Qe7+ Kg8 1/2-1/2

[Event "Late-Titled-Tuesday-Blitz-February-20-2024"]
[Site "Chess.com"]
[Date "2024.02.20"]
[Round "4"]
[White "GnowReopard"]
[Black "Superfelix"]
[Result "1-0"]
[WhiteElo "2823"]
[BlackElo "2524"]
[TimeControl "180+1"]
[EndTime "14:37:47 PST"]
[Termination "GnowReopard won by resignation"]

1. e4 c6 2. Nc3 g6 3. d4 d5 4. Nf3 dxe4 5. Nxe4 Nf6 6. Nxf6+ exf6 7. Bc4 Bg7 8. O-O O-O 9. c3 a5 10. a4 Na6 11. Bf4 Nc7 12. h3 Nd5 13. Bh2 Be6 14.
Bd3 Bh6 15. Re1 Qd7 16. Nd2 f5 17. Nc4 f6 18. Qf3 Rfe8 19. Nd6 Re7 20. Bc4 Rd8 21. Ba2 Nc7 22. Nxb7 Bxa2 23. Rxe7 Qxe7 24. Nxd8 Bd5 25. Nxc6 Qe6 26. Nd8 Qe8 27. Qg3 f4 28. Qg4 Qxd8 29.
Bxf4 f5 30. Qg3 Bxf4 31. Qxf4 Qe7 32. Qe5 Qxe5 33. dxe5 Kf7 34. b4 Ke6 35. f4 g5 36.
g3 h5 37. Kf2 h4 38. fxg5 hxg3+ 39. Kxg3 Kxe5 40. Re1+ Be4 41. bxa5 f4+ 42. Kf2 Ne6 43. g6 Kf5 44. a6 Nc5 45. g7 Bd5 46. a7 Nd3+ 47.
Kf1 1-0

[Event "Late-Titled-Tuesday-Blitz-February-20-2024"]
[Site "Chess.com"]
[Date "2024.02.20"]
[Round "4"]
[White "ninguno46"]
[Black "STAYFlow"]
[Result "1-0"]
[WhiteElo "2516"]
[BlackElo "2344"]
[TimeControl "180+1"]
[EndTime "14:37:47 PST"]
[Termination "ninguno46 won by checkmate"]

1. e4 c5 2. Nc3 Nc6 3. f4 g6 4. Nf3 Bg7 5. Bb5 Nd4 6. O-O a6 7. Bc4 b5 8. Bd5 Ra7 9. d3 e6 10. Bb3 Rc7 11. Nxd4 cxd4 12. Ne2 Ne7 13. Bd2 Nc6 14.
Kh1 f5 15. Ng3 O-O 16. exf5 gxf5 17. Nh5 d5 18. Rf3 Bd7 19. Rg3 Be8 20. Qf3 Bg6 21.
Nxg7 Rxg7 22. Re1 Qf6 23. Rxe6 Qh4 24. Rexg6 Rxg6 25. Bxd5+ Kh8 26. Rxg6 hxg6 27. Bxc6 Rc8 28. g3 Qf6 29. Bd5 Rxc2 30. Qd1 Rxb2 31. Qc1 Qd6 32. Qc8+ Kg7 33. Qg8+ Kf6 34. Qf7# 1-0

[Event "Late-Titled-Tuesday-Blitz-February-20-2024"]
[Site "Chess.com"]
[Date "2024.02.20"]
[Round "4"]
[White "TigrVShlyape"]
[Black "LyonBeast"]
[Result "0-1"]
[WhiteElo "2921"]
[BlackElo "3164"]
[TimeControl "180+1"]
[EndTime "14:37:50 PST"]
[Termination "LyonBeast won on time"]

1. d4 Nf6 2. Bf4 g6 3. Nf3 Bg7 4. c3 b6 5. Nbd2 Bb7 6. h3 O-O 7. e3 c5 8. Bd3 d6 9. O-O Nbd7 10.
e4 e5 11. dxe5 dxe5 12. Bg5 h6 13. Bh4 Qc7 14. Re1 Nh5 15. a4 a6 16. Qb3 g5 17.
Bg3 Rad8 18. Nc4 Nxg3 19. fxg3 g4 20. hxg4 Nf6 21. Rad1 Nxg4 22. Qxb6 Qe7 23. Nh4 Bc8 24. Be2 h5 25. Nd6 Qg5 26. Qxc5 Ne3 27. Nf3 Qh6 28. Rd3 Ng4 29. Nxc8 Rxc8 30. Qd6 Bf6 31.
Red1 a5 32. Nh4 Rcd8 33. Nf5 Qg5 34. Qb6 Rxd3 35. Rxd3 Rd8 36. Rxd8+ Bxd8 37. Qd6 Bb6+ 38. Qxb6 Qc1+ 39. Bf1 Qd2 40. b4 h4 41. gxh4 Qf4 42. g3 Qd2 0-1

[Event "Late-Titled-Tuesday-Blitz-February-20-2024"]
[Site "Chess.com"]
[Date "2024.02.20"]
[Round "4"]
[White "jk13"]
[Black "andy_rekt"]
[Result "1-0"]
[WhiteElo "2711"]
[BlackElo "2458"]
[TimeControl "180+1"]
[EndTime "14:37:52 PST"]
[Termination "jk13 won by resignation"]

1. e4 e6 2. d4 d5 3. Nd2 c5 4.
exd5 Qxd5 5. Ngf3 cxd4 6. Bc4 Qd7 7. O-O a6 8. Nb3 Nc6 9. Nbxd4 Nxd4 10. Nxd4 Nf6 11. c3 Qc7 12. Bb3 Bd6 13. h3 O-O 14.
Qf3 e5 15. Nc2 Bd7 16. Ne3 e4 17. Qe2 Bb5 18. Bc4 Bxc4 19. Nxc4 b5 20. Nxd6 Qxd6 21. Be3 Rfe8 22. Rfd1 Qe6 23. a4 Rab8 24. axb5 axb5 25.
Ra7 Qb3 26. Rd6 Red8 27. Rxd8+ Rxd8 28. Rb7 h6 29. Qxb5 Qd1+ 30. Kh2 Qc2 31. Qc4 Rf8 32.
Bc5 Qd2 33. Bxf8 Qf4+ 34. Kg1 Qc1+ 35. Qf1 Qd2 36. Bc5 1-0

[Event "Late-Titled-Tuesday-Blitz-February-20-2024"]
[Site "Chess.com"]
[Date "2024.02.20"]
[Round "4"]
[White "Bkmzzzzz"]
[Black "rcmz"]
[Result "0-1"]
[WhiteElo "2408"]
[BlackElo "2197"]
[TimeControl "180+1"]
[EndTime "14:37:52 PST"]
[Termination "rcmz won by checkmate"]

1. e4 a6 2. d4 e6 3. Nf3 b5 4. c3 Bb7 5. Bd3 c5 6. O-O c4 7.
Bc2 Qc7 8. Re1 d6 9. a4 e5 10.
axb5 axb5 11. Na3 Nd7 12. Nxb5 Qb6 13. Rxa8+ Bxa8 14. Na3 Qc7 15. dxe5 dxe5 16. Ba4 Bxa3 17. bxa3 Nf6 18. Bxd7+ Nxd7 19. a4 O-O 20. Ba3 Re8 21.
Nd2 Qc6 22. Bb4 Nf6 23. a5 Rd8 24. Qe2 h6 25. Qxc4 Rxd2 26. Qb3 Nxe4 27. f3 Nf6 28. Rxe5 Qd7 29. h3 Qd3 30. Re7 Rxg2+ 31. Kxg2 Qxf3+ 32. Kg1 Qg2# 0-1

[Event "Late-Titled-Tuesday-Blitz-February-20-2024"]
[Site "Chess.com"]
[Date "2024.02.20"]
[Round "4"]
[White "DeArron_Fox"]
[Black "Walter_White_Poland"]
[Result "1-0"]
[WhiteElo "2517"]
[BlackElo "2358"]
[TimeControl "180+1"]
[EndTime "14:37:58 PST"]
[Termination "DeArron_Fox won by resignation"]

1. d4 d5 2. c4 e6 3. Nc3 Nf6 4. cxd5 exd5 5. Bg5 c6 6. e3 Bf5 7. Qf3 Bg6 8. Bxf6 Qxf6 9. Qxf6 gxf6 10. Kd2 b5 11.
Bd3 Nd7 12. Nge2 a5 13. h4 h5 14. Nf4 Bxd3 15. Nxd3 Bd6 16. a4 b4 17. Ne2 Ke7 18. Rac1 Rac8 19. b3 f5 20. Rc2 Nf6 21. f3 Rhg8 22.
Nef4 Kd7 23. Rhc1 Rc7 24. Ke2 Re8 25. Kf2 Rec8 26. Ne5+ Bxe5 27. dxe5 Ne8 28. Nxh5 c5 29. Nf4 d4 30. exd4 cxd4 31. Rxc7+ Rxc7 32. Rxc7+ Kxc7 33. h5 1-0

[Event "Late-Titled-Tuesday-Blitz-February-20-2024"]
[Site "Chess.com"]
[Date "2024.02.20"]
[Round "4"]
[White "gahryman"]
[Black "Firouzja2003"]
[Result "0-1"]
[WhiteElo "2693"]
[BlackElo "3108"]
[TimeControl "180+1"]
[EndTime "14:37:59 PST"]
[Termination "Firouzja2003 won on time"]

1. e4 e5 2. Nf3 Nc6 3. Bc4 Bc5 4. d3 d6 5. O-O h6 6. c3 Qf6 7. b4 Bb6 8. a4 a6 9. Be3 Nge7 10.
Nbd2 Ng6 11. b5 axb5 12. Bxb5 Nf4 13. d4 O-O 14. Nc4 Bg4 15. Bxc6 bxc6 16. dxe5 dxe5 17. Ncxe5 Bxf3 18. Qxf3 Bxe3 19. fxe3 Nh3+ 20. Qxh3 Qxe5 21. Qg3 Qxc3 22. Qxc7 Qxe3+ 23. Kh1 Qxe4 24. a5 Qc4 25. h3 Rfc8 26. Qe5 Re8 27. Qc7 Re2 28. a6 Qd5 29. Rg1 Re3 30. Kh2 Rae8 31. a7 Rxh3+ 32. gxh3 Re2+ 33. Kg3 Qd3+ 34. Kh4 g5+ 35. Kg4 Re4+ 36.
Kf5 Qf3+ 0-1

[Event "Late-Titled-Tuesday-Blitz-February-20-2024"]
[Site "Chess.com"]
[Date "2024.02.20"]
[Round "4"]
[White "dropstoneDP"]
[Black "SnekkerAndersen"]
[Result "1/2-1/2"]
[WhiteElo "3005"]
[BlackElo "2632"]
[TimeControl "180+1"]
[EndTime "14:37:59 PST"]
[Termination "Game drawn by agreement"]

1. e4 d6 2. d4 Nf6 3. Nc3 e5 4. Nge2 exd4 5. Nxd4 Be7 6. g3 O-O 7. Bg2 Nbd7 8. O-O Re8 9. a4 c6 10. a5 Nc5 11. h3 Bf8 12. Re1 Qc7 13. Bf4 Ne6 14.
Nxe6 Bxe6 15. e5 dxe5 16. Bxe5 Qd8 17. Qxd8 Raxd8 18. Bxf6 gxf6 19. a6 Re7 20. Ne4 Kg7 21. Nc5 b6 22. Nxe6+ Rxe6 23. Rxe6 fxe6 24. Bxc6 Rd2 25.
Be4 Bc5 26. Rf1 f5 27. Bd3 Bd4 28. g4 Kf6 29. gxf5 exf5 30. b4 Kg5 31. Kg2 Kf4 32. h4 h6 33. Kh3 Rxf2 34. Rxf2+ Bxf2 35. Kg2 Be1 36. h5 Bxb4 37. Bb5 Ke3 38. Bd7 f4 39. Bc6 Be7 40. Bd5 Kd4 41. Bc6 1/2-1/2

[Event "Late-Titled-Tuesday-Blitz-February-20-2024"]
[Site "Chess.com"]
[Date "2024.02.20"]
[Round "4"]
[White "egnfanclub"]
[Black "dennisodessa"]
[Result "0-1"]
[WhiteElo "2375"]
[BlackElo "2570"]
[TimeControl "180+1"]
[EndTime "14:37:59 PST"]
[Termination "dennisodessa won by resignation"]

1. e4 e6 2. d4 d5 3. Nc3 Bb4 4. Ne2 dxe4 5. a3 Be7 6. Nxe4 Nd7 7. N2g3 Ngf6 8. Bd3 c5 9. c3 cxd4 10. cxd4 O-O 11.
O-O Nb6 12. Be3 Nbd5 13. Nxf6+ Bxf6 14. Be4 b6 15. Nh5 Bb7 16. Nxf6+ Qxf6 17. Qh5 h6 18. Bf3 Rac8 19. Rac1 Rfd8 20. Qe5 Qxe5 21. dxe5 Nxe3 22. Bxb7 Nxf1 23. Bxc8 Nd2 24. Ba6 Nb3 25. Rc8 Rxc8 26. Bxc8 Nc5 27. f4 Nd3 28. f5 exf5 29. Bxf5 Nxb2 30.
e6 Kf8 31. exf7 Nc4 32. a4 Kxf7 33. Kf2 Ke7 34. Ke2 Kd6 35. Bc2 Kc5 36. Kd3 Kb4 37. Ke4 a5 38. Kf5 Ne3+ 39. Kg6 Nxc2 40. Kxg7 b5 41.
axb5 Kxb5 0-1

[Event "Late-Titled-Tuesday-Blitz-February-20-2024"]
[Site "Chess.com"]
[Date "2024.02.20"]
[Round "4"]
[White "Bala-Afiada"]
[Black "Agentxya"]
[Result "1-0"]
[WhiteElo "1970"]
[BlackElo "2227"]
[TimeControl "180+1"]
[EndTime "14:37:59 PST"]
[Termination "Bala-Afiada won by checkmate"]

1. d4 d5 2. c4 c6 3. Qc2 dxc4 4. Qxc4 Nf6 5. Nf3 Bf5 6. g3 e6 7. Bg2 Be7 8. O-O O-O 9. Nc3 Nbd7 10. Re1 Nb6 11. Qb3 Ne4 12. Bf4 Bf6 13. Rad1 Qe7 14. Be5 Rfd8 15. Bxf6 Qxf6 16. Ne5 Nxc3 17. bxc3 h6 18.
e4 Bh7 19. Ng4 Qe7 20. Ne3 Rac8 21. d5 cxd5 22. exd5 Rd6 23. dxe6 Rxe6 24. Bh3 Rcc6 25. Bxe6 Rxe6 26. Qb4 Qc7 27. Qd4 Re8 28. Nd5 Nxd5 29. Rxe8# 1-0

[Event "Late-Titled-Tuesday-Blitz-February-20-2024"]
[Site "Chess.com"]
[Date "2024.02.20"]
[Round "4"]
[White "dosto07"]
[Black "Sargsyan_Shant"]
[Result "0-1"]
[WhiteElo "2500"]
[BlackElo "2889"]
[TimeControl "180+1"]
[EndTime "14:38:00 PST"]
[Termination "Sargsyan_Shant won on time"]

1. e4 a6 2. d4 e6 3. Nc3 d5 4.
Nf3 Nf6 5. Bd3 Bb4 6. exd5 exd5 7. O-O O-O 8. Bg5 Be6 9. Re1 h6 10. Bh4 Nbd7 11. Ne5 c6 12. Qf3 Be7 13. Bf5 Nxe5 14. dxe5 Nd7 15. Bg3 Nc5 16. Rad1 Qc8 17. Bxe6 fxe6 18.
Qg4 Rf5 19. Ne2 Ne4 20. Nd4 Rf7 21. Qxe6 Bc5 22. Qxc8+ Rxc8 23. c3 Re8 24. f3 Ng5 25.
Bf2 Bxd4 26. cxd4 Ne6 27. Bg3 g5 28.
h4 Kg7 29. hxg5 hxg5 30. Kf2 Kg6 31. Ke3 Ng7 32. Rh1 Nf5+ 33. Kf2 g4 34. Bf4 Ref8 35.
g3 gxf3 36. Kxf3 Nxg3 37. Rh6+ Kg7 38. Kxg3 Rxf4 39. Rdh1 Rxd4 40. Rh7+ Kg6 41. R1h6+ Kf5 42. Rh5+ Ke4 43. Rxb7 Rg8+ 44. Kh4 Rd1 45. Rb3 Rdg1 0-1

[Event "Late-Titled-Tuesday-Blitz-February-20-2024"]
[Site "Chess.com"]
[Date "2024.02.20"]
[Round "4"]
[White "ACollins05"]
[Black "vi_pranav"]
[Result "0-1"]
[WhiteElo "2588"]
[BlackElo "3007"]
[TimeControl "180+1"]
[EndTime "14:38:02 PST"]
[Termination "vi_pranav won on time"]

1. d4 Nf6 2. c4 e6 3. Nf3 Nc6 4. Nc3 Bb4 5. Qc2 O-O 6. Bg5 d6 7. e3 h6 8. Bh4 e5 9. Be2 Re8 10. O-O Bxc3 11. bxc3 Bg4 12. c5 e4 13.
Ne1 Bxe2 14. Qxe2 dxc5 15. Qb5 cxd4 16. Qxb7 Re6 17. cxd4 Rb8 18. Qa6 Nxd4 19. Qxa7 Ne2+ 20. Kh1 Rb2 21. Qa3 Reb6 22. Bg3 Ng4 23. Qc5 Nxg3+ 24.
hxg3 R6b5 25. Qc4 Qg5 26. Qxe4 Qh5+ 0-1

[Event "Late-Titled-Tuesday-Blitz-February-20-2024"]
[Site "Chess.com"]
[Date "2024.02.20"]
[Round "4"]
[White "Doomfist26"]
[Black "Onthequiet"]
[Result "1-0"]
[WhiteElo "2656"]
[BlackElo "2439"]
[TimeControl "180+1"]
[EndTime "14:38:05 PST"]
[Termination "Doomfist26 won on time"]

1. e4 c6 2. Nc3 d5 3. Qf3 dxe4 4. Nxe4 Nf6 5. Bc4 e6 6. Ne2 Nbd7 7. d4 Nxe4 8. Qxe4 Nf6 9. Qh4 Be7 10. Bd2 c5 11.
dxc5 Bxc5 12. O-O-O Qb6 13. Qg3 O-O 14. Bh6 Ne8 15.
Rhf1 Kh8 16. Be3 Bxe3+ 17. fxe3 Qc7 18. Qh4 Nd6 19. Bd3 f5 20. Nf4 Kg8 21. g4 g6 22.
gxf5 exf5 23. Rg1 Qg7 24. Be2 Qf6 25. Qh6 Nf7 26. Bc4 Qg7 27. Qh4 b5 28. Bd5 Rb8 29. Nh5 Qh6 30. Nf6+ Kg7 31. Qd4 Qxh2 32. Ng4+ 1-0

[Event "Late-Titled-Tuesday-Blitz-February-20-2024"]
[Site "Chess.com"]
[Date "2024.02.20"]
[Round "4"]
[White "NLLO777"]
[Black "nindjaxx8"]
[Result "1-0"]
[WhiteElo "2520"]
[BlackElo "2632"]
[TimeControl "180+1"]
[EndTime "14:38:08 PST"]
[Termination "NLLO777 won by checkmate"]

1. Nf3 d5 2. c4 e6 3. b3 Nf6 4.
Bb2 Be7 5. e3 O-O 6. Be2 b6 7.
cxd5 exd5 8. O-O Bb7 9. Nc3 Nbd7 10. d4 Ne4 11. Rc1 Ndf6 12. Ne5 a6 13. Nxe4 Nxe4 14. Nc6 Bxc6 15. Rxc6 Bd6 16. Qc1 Re8 17. Ba3 h6 18. Bxd6 cxd6 19. Qa3 a5 20. Rfc1 Qf6 21. Bf3 Re6 22. Bxe4 dxe4 23. Rxb6 Kh7 24. Rcc6 Rd8 25. Qxa5 Qg6 26. h3 Qf6 27. Qd5 Qg6 28. a4 Rf6 29. b4 Rd7 30. a5 h5 31. a6 h4 32. Rb7 Rd8 33. a7 Ra8 34. b5 Rf5 35. Qc4 Qf6 36.
Qe2 g6 37. b6 Qd8 38. Rcc7 Ra5 39. Rxf7+ Kg8 40. Rg7+ Kf8 41. Rbf7+ Ke8 42. Qg4 Qxb6 43. Qd7# 1-0

[Event "Late-Titled-Tuesday-Blitz-February-20-2024"]
[Site "Chess.com"]
[Date "2024.02.20"]
[Round "4"]
[White "Ready4abattle"]
[Black "DefiantChair"]
[Result "0-1"]
[WhiteElo "2284"]
[BlackElo "2607"]
[TimeControl "180+1"]
[EndTime "14:38:08 PST"]
[Termination "DefiantChair won on time"]

1. e4 c5 2. Nf3 d6 3. d4 cxd4 4. Nxd4 Nf6 5. Nc3 a6 6. h3 e5 7.
Nde2 h5 8. Bg5 Be6 9. Bxf6 Qxf6 10. Nd5 Qd8 11. Qd3 g6 12. O-O-O Bh6+ 13. Kb1 Nd7 14. h4 Nc5 15. Qa3 b5 16. Nec3 Bd7 17. g3 Bc6 18. Be2 Qb8 19. b4 Nd7 20. g4 hxg4 21.
Bxg4 Nb6 22. Nxb6 Qxb6 23. Rxd6 Qc7 24. Rhd1 O-O 25. Qb3 Kg7 26. R6d3 a5 27. bxa5 b4 28.
Nd5 Qa7 29. Nb6 Qxa5 30. Nxa8 Qxa8 31. Qb2 Bxe4 32. Qxe5+ Kg8 33. Rb3 Bg7 34. Qc5 f5 35. Qc4+ Kh7 36. f3 Rc8 0-1

[Event "Late-Titled-Tuesday-Blitz-February-20-2024"]
[Site "Chess.com"]
[Date "2024.02.20"]
[Round "4"]
[White "Mikhail_Golubev"]
[Black "Inepton_Fermion"]
[Result "1-0"]
[WhiteElo "2608"]
[BlackElo "2378"]
[TimeControl "180+1"]
[EndTime "14:38:08 PST"]
[Termination "Mikhail_Golubev won by checkmate"]

1. e4 c5 2. Nf3 e6 3. d4 cxd4 4.
Nxd4 Nc6 5. Nc3 Qc7 6. Be3 a6 7. a3 Nf6 8. f4 d6 9. Qf3 Bd7 10.
O-O-O Be7 11. g4 Nxd4 12. Bxd4 e5 13. fxe5 dxe5 14. Qg3 Nxg4 15. Nd5 Bg5+ 16. Kb1 Qb8 17. Bb6 O-O 18. h3 Bf4 19. Qg1 Bh2 20. Qg2 Be6 21.
hxg4 Bxd5 22. Rxd5 Bf4 23. Bc4 Qc8 24. Bb3 Qc6 25. Qh3 h6 26. Be3 Bxe3 27. Qxe3 Qg6 28. Rxe5 Qxg4 29. Rg1 Qd7 30. Qxh6 Qd1+ 31. Rxd1 gxh6 32.
Rh5 Kh7 33. Rdh1 Kg7 34. Rxh6 Rad8 35. e5 Rg8 36. Rh7+ Kf8 37. Rxf7+ Ke8 38. Rxb7 Rg5 39.
Rh8+ Rg8 40. Rxg8# 1-0

[Event "Late-Titled-Tuesday-Blitz-February-20-2024"]
[Site "Chess.com"]
[Date "2024.02.20"]
[Round "4"]
[White "ChEsper99"]
[Black "Real_taiatai"]
[Result "0-1"]
[WhiteElo "2264"]
[BlackElo "2456"]
[TimeControl "180+1"]
[EndTime "14:38:08 PST"]
[Termination "Real_taiatai won on time"]

1. d4 Nf6 2. Bf4 g6 3. Nf3 d5 4.
e3 Bg7 5. h3 O-O 6. c3 c5 7.
Nbd2 Nc6 8. Bd3 b6 9. O-O Bb7 10. Ne5 Ne8 11. Ndf3 Nd6 12. Nxc6 Bxc6 13. Qe2 f6 14. c4 dxc4 15. Bxc4+ Nxc4 16. Qxc4+ Bd5 17. Qe2 c4 18. e4 Bf7 19. Rfd1 b5 20. Rac1 Qa5 21.
a3 Rac8 22. Bd2 Qa6 23. Bb4 Rfe8 24. d5 Qb7 25. Nd4 Qd7 26. Nc6 e6 27. dxe6 Qxe6 28. Nd4 Qb6 29. Qc2 a5 30. Be1 f5 31. Ne2 Rxe4 32. Ng3 Re7 33. Bc3 Bh6 34. Rb1 b4 35.
axb4 axb4 36. Bd2 Bg7 37. Be3 Rxe3 38. fxe3 Qxe3+ 39. Qf2 Qg5 40. Ne2 c3 41. bxc3 bxc3 42. Rbc1 c2 43. Re1 Bb2 44. g3 Qd2 0-1

[Event "Late-Titled-Tuesday-Blitz-February-20-2024"]
[Site "Chess.com"]
[Date "2024.02.20"]
[Round "4"]
[White "jefferyx"]
[Black "NikolaGry"]
[Result "1-0"]
[WhiteElo "3020"]
[BlackElo "2724"]
[TimeControl "180+1"]
[EndTime "14:38:09 PST"]
[Termination "jefferyx won by resignation"]

1. d4 g6 2. e4 Bg7 3. Nf3 c6 4.
c4 d5 5. cxd5 cxd5 6. e5 Nc6 7.
Bb5 Bg4 8. Bxc6+ bxc6 9. O-O Qd7 10. Nbd2 Nh6 11. h3 Bxf3 12. Qxf3 O-O 13. Nb3 f6 14.
Nc5 Qf5 15. Qxf5 Nxf5 16. Ne6 Rfc8 17. g4 Nh6 18. exf6 exf6 19. Bf4 f5 20. f3 Re8 21. Nxg7 Kxg7 22. Rac1 Re6 23. Rfe1 Rae8 24. Rxe6 Rxe6 25. Kf2 fxg4 26. hxg4 Nf7 27. Rc3 h5 28. gxh5 gxh5 29. Ra3 Nd6 30. Rxa7+ Kg6 31. Bxd6 Rxd6 32. Rc7 h4 33. a4 Kh6 34. a5 Rg6 35. a6 h3 36.
a7 Rg8 37. Rxc6+ Kh5 38. Rc7 Kh6 39. Rc1 Kh5 40. Rg1 Rc8 41. Rg7 Kh4 42. Rh7+ Kg5 43. Kg3 Ra8 44. b4 Kf5 45. b5 1-0

[Event "Late-Titled-Tuesday-Blitz-February-20-2024"]
[Site "Chess.com"]
[Date "2024.02.20"]
[Round "4"]
[White "Mikhal867"]
[Black "rionelG"]
[Result "1-0"]
[WhiteElo "2435"]
[BlackElo "2202"]
[TimeControl "180+1"]
[EndTime "14:38:09 PST"]
[Termination "Mikhal867 won on time"]

1. d4 d5 2. c4 e6 3. Nf3 Nf6 4.
g3 Be7 5. Bg2 O-O 6. O-O dxc4 7.
Qc2 b5 8. a4 Bb7 9. axb5 a6 10.
bxa6 Nxa6 11. Qxc4 Bd5 12. Qb5 Rb8 13. Qxa6 Ra8 14.
Nc3 Rxa6 15. Rxa6 Bb7 16. Ra7 Qb8 17. Ra1 h6 18. Bf4 Nh5 19. Be3 Nf6 20. Rfc1 Bd6 21. Na4 Nd5 22. Bd2 Nb6 23. Nc5 Ba8 24. Ba5 Rd8 25. Na6 Qc8 26. Bxb6 cxb6 27. Rxc8 Rxc8 28. Ne5 Bxg2 29. Kxg2 Rc2 30. b4 f6 31. Nd7 1-0

[Event "Late-Titled-Tuesday-Blitz-February-20-2024"]
[Site "Chess.com"]
[Date "2024.02.20"]
[Round "4"]
[White "GMBenjaminBok"]
[Black "Sanyura"]
[Result "1-0"]
[WhiteElo "3007"]
[BlackElo "2607"]
[TimeControl "180+1"]
[EndTime "14:38:11 PST"]
[Termination "GMBenjaminBok won by resignation"]

1. d4 Nf6 2. c4 g6 3. g3 Bg7 4. Bg2 d6 5. Nc3 O-O 6. Nf3 Nbd7 7. O-O e5 8. e4 exd4 9. Nxd4 Nc5 10. h3 Re8 11. Re1 Bd7 12. Rb1 a5 13. b3 Qc8 14.
Kh2 a4 15. b4 Ne6 16. Be3 Nxd4 17. Bxd4 c5 18. bxc5 dxc5 19. Bxf6 Bxf6 20. e5 Bxe5 21. Bxb7 Qd8 22. Bxa8 Bxc3 23. Rxe8+ Qxe8 24. Bd5 Bd4 25. Qf3 Be6 26. Re1 Kg7 27. Bxe6 fxe6 28. Rb1 h5 29. Rb7+ Kh6 30. h4 g5 31. Qe4 Qg8 32. Re7 1-0

[Event "Late-Titled-Tuesday-Blitz-February-20-2024"]
[Site "Chess.com"]
[Date "2024.02.20"]
[Round "4"]
[White "Andrei_Skvortsov"]
[Black "Msb2"]
[Result "1/2-1/2"]
[WhiteElo "2698"]
[BlackElo "3006"]
[TimeControl "180+1"]
[EndTime "14:38:13 PST"]
[Termination "Game drawn by repetition"]

1. Nc3 d5 2. e4 e6 3. exd5 exd5 4. d4 Nc6 5. Nf3 a6 6. h3 Bf5 7. Bd3 Qd7 8. O-O O-O-O 9. a3 Nf6 10. Re1 Bd6 11.
Bf1 Rde8 12. Be3 Ne7 13. Nh4 Be6 14. b4 Rhg8 15. b5 axb5 16. Nxb5 g5 17. Nxd6+ cxd6 18. Nf3 g4 19. hxg4 Bxg4 20. Bf4 Ng6 21. Bg3 Ne4 22. Qd3 Nxg3 23. fxg3 Bf5 24. Qc3+ Kb8 25.
Qb3 Rxe1 26. Rxe1 Be4 27. Ng5 Re8 28. Bb5 Bxc2 29. Rxe8+ Qxe8 30. Qxd5 Qe3+ 31. Kh2 Ka7 32. Nxf7 Bb3 33. Qxd6 Bxf7 34. Qc5+ Kb8 35. Qd6+ Ka8 36. Qd8+ Ka7 37. Qa5+ Kb8 38. Qd8+ Ka7 39. Qa5+ Kb8 40. Qd8+ Ka7 1/2-1/2

[Event "Late-Titled-Tuesday-Blitz-February-20-2024"]
[Site "Chess.com"]
[Date "2024.02.20"]
[Round "4"]
[White "vovachesss"]
[Black "RantomOpening"]
[Result "0-1"]
[WhiteElo "2784"]
[BlackElo "2572"]
[TimeControl "180+1"]
[EndTime "14:38:16 PST"]
[Termination "RantomOpening won on time"]

1. e4 c5 2. c3 Nf6 3. e5 Nd5 4. Nf3 d6 5. Bb5+ Bd7 6. Bc4 Bc6 7. d4 e6 8. Bb3 b5 9. O-O Nd7 10. Re1 Qc7 11. a4 bxa4 12. Bxa4 Bxa4 13. Qxa4 Nb6 14.
Qb5 Be7 15. Nbd2 O-O 16. exd6 Bxd6 17. Ne4 Be7 18. Be3 c4 19. Qh5 Nd5 20. Ra2 Rab8 21. Rea1 Rb7 22. Bc1 N5f6 23. Nxf6+ Nxf6 24. Qa5 Qc6 25. Qa6 Qe4 26. Qxc4 Qc2 27. h3 Bd6 28. b4 Qe4 29. Bd2 Rc7 30. Qf1 Nd5 31. c4 Nf4 32. Bxf4 Qxf4 33. Rxa7 Rcc8 34. c5 Bb8 35. R7a4 h5 36.
b5 g5 37. c6 g4 38. hxg4 hxg4 39. d5 Qf5 40. Nh4 Qh5 41. g3 f5 42. dxe6 Be5 43.
Re1 Bf6 44. e7 Rfe8 45. Qc4+ Kg7 0-1